 Dungeon Crawl Stone Soup version 0.26-a0-1184-g95e395e029 (webtiles) character file.

Game seed: 566594827376990735

17159 Arthanis the Arsonist (level 12, -12/62 HPs)
             Began as a Deep Elf Fire Elementalist on Dec 27, 2020.
             Was a High Priest of Vehumet.
             Shot with an arrow by Nessos (30 damage)
             ... on level 12 of the Dungeon.
             The game lasted 00:32:44 (14288 turns).

Arthanis the Arsonist (Deep Elf Fire Elementalist) Turns: 14288, Time: 00:32:44

Health: -12/62     AC:  5    Str:  8    XL:     12   Next: 16%
Magic:  22/30      EV: 16    Int: 35    God:    Vehumet [*****.]
Gold:   192        SH:  1    Dex: 15    Spells: 12/35 levels left

rFire    + . .     SeeInvis .   B - +2 short sword (venom)
rCold    . . .     Faith    .   S - -4 buckler "Vetol" {rF+ Regen+ Str+3}
rNeg     . . .     Spirit   .   a - +0 robe
rPois    .         Reflect  .   q - +2 helmet {Int+3}
rElec    .         Harm     .   R - scarf {repulsion}
rCorr    .         Rampage  .   (no gloves)
Will     +....                  (no boots)
Stlth    ++........             N - amulet of magic regeneration
HPRegen  0.60/turn              O - ring of wizardry
MPRegen  0.47/turn              h - +6 ring of intelligence

@: lethally poisoned (-12 -> -33), about to teleport, repel missiles
A: no striking features
a: Renounce Religion


You were on level 12 of the Dungeon.
You worshipped Vehumet.
Vehumet was extremely pleased with you.
You visited 2 branches of the dungeon, and saw 13 of its levels.
You visited 1 bazaar.
You also visited: Sewer.

You collected 843 gold pieces.
You spent 651 gold pieces at shops.

Inventory:

Hand Weapons
 k - a +0 club
 l - a +0 dagger
 u - a +0 spear
 v - a +0 spear
 B - a +2 short sword of venom (weapon)
Armour
 a - a +0 robe (worn)
 e - a +1 cloak
 q - a +2 helmet of intelligence (worn)
 K - a +2 hat
 R - a scarf of repulsion (worn)
 S - the -4 buckler "Vetol" (worn) {rF+ Regen+ Str+3}
   (You bought it in a shop in a bazaar)

   It affects your strength (+3).
   It protects you from fire.
   It increases your rate of regeneration.
Jewellery
 h - a +6 ring of intelligence (right hand)
 E - an uncursed ring of resist corrosion
 J - an uncursed ring of flight
 N - an amulet of magic regeneration (around neck)
 O - a ring of wizardry (left hand)
Wands
 D - a wand of flame (29)
 F - a wand of acid (5)
 M - a wand of iceblast (8)
 P - a wand of paralysis (5)
 Q - a wand of digging (6)
 T - a wand of random effects (26)
Scrolls
 b - a scroll of blinking
 f - 3 scrolls of amnesia
 m - 5 scrolls of remove curse
 n - 7 scrolls of teleportation
 o - 6 scrolls of fear
 y - 3 scrolls of enchant armour
 z - 3 scrolls of fog
 A - 3 scrolls of magic mapping
 C - a scroll of torment
 G - a scroll of brand weapon
 U - a scroll of acquirement {unknown}
 V - a scroll of immolation {unknown}
 W - a scroll of enchant weapon {unknown}
Potions
 c - 5 potions of might
 d - 2 potions of mutation {unknown}
 g - 6 potions of heal wounds
 i - 4 potions of brilliance
 j - 4 potions of haste {unknown}
 p - 7 potions of degeneration {unknown}
 r - 3 potions of berserk rage {unknown}
 s - a potion of lignification {unknown}
 t - a potion of invisibility {unknown}
 w - 5 potions of curing
 x - 8 potions of flight
 H - 2 potions of attraction {unknown}
 I - 4 potions of cancellation
 L - 2 potions of magic {unknown}


   Skills:
 - Level 2.0 Fighting
 - Level 6.0 Dodging
 - Level 3.0 Stealth
 - Level 4.0 Shields
 + Level 12.0 Spellcasting
 + Level 10.0 Conjurations
 * Level 14.0 Fire Magic
 - Level 4.1 Evocations


You had 12 spell levels left.
You knew the following spells:

 Your Spells              Type           Power        Failure   Level
a - Foxfire               Conj/Fire      100%         0%          1
b - Conjure Flame         Conj/Fire      81%          1%          3
c - Sticky Flame          Conj/Fire      81%          1%          4
d - Fireball              Conj/Fire      40%          1%          5
e - Shock                 Conj/Air       100%         1%          1
f - Magic Dart            Conj           100%         1%          1
g - Mephitic Cloud        Conj/Pois/Air  44%          1%          3
h - Blink                 Tloc           N/A          1%          2
i - Ignite Poison         Fire/Tmut/Pois 52%          1%          3

Your spell library contained the following spells:

 Spells                   Type           Power        Failure   Level
 Lee's Rapid Deconstruct  Erth           10%          7%          5
 Apportation              Tloc           42%          1%          1
 Freeze                   Ice            84%          1%          1
 Call Imp                 Summ           21%          1%          2
 Searing Ray              Conj           100%         1%          2
 Slow                     Hex            21%          1%          2
 Dazzling Flash           Conj/Hex       100%         1%          3
 Inner Flame              Hex/Fire       63%          1%          3
 Fulminant Prism          Conj/Hex       27%          1%          4
 Iskenderun's Mystic Bla  Conj/Tloc      54%          1%          4
 Lesser Beckoning         Tloc           10%          2%          3
 Tukima's Dance           Hex            21%          2%          3
 Freezing Cloud           Conj/Ice/Air   22%          9%          6
 Alistair's Intoxication  Tmut/Pois      14%          22%         5
 Metabolic Englaciation   Hex/Ice        10%          22%         5
 Ozocubu's Refrigeration  Ice            10%          30%         6
 Invisibility             Hex            21%          73%         6


Dungeon Overview and Level Annotations

Branches:
Dungeon (12/15)            Temple (1/1) D:4            Lair (0/6) D:9
    Orc (0/2) D:11          Sewer (visited)

Altars:
Ashenzari
Cheibriados
Dithmenos
Elyvilon
Fedhas
Gozag
Hepliaklqana
Kikubaaqudgha
Makhleb
Nemelex Xobeh
Okawaru
Qazlal
Ru
Sif Muna
Trog
Uskayaw
Vehumet
Wu Jian
Xom
Zin
The Shining One

Shops:
D:4 [   D:8 [   D:11 }[*=

Annotations:
D:2 Sigmund
D:10 1 runed translucent door
D:12 Nessos


Message History

Confirm with . or Enter, or press ? or * to list all spells.
Aiming: Fireball (safe; 1% risk of failure)
Press: ? - help, Shift-Dir - straight line, f/p - Nessos
Aim: Nessos, wielding a +1 longbow of flaming, wearing a +1 barding of fire resistance, wearing a +6 ring of strength and quivering 12 arrows (steam, lightly wounded)
The fireball explodes!
The fireball engulfs Nessos!
Nessos resists.
Nessos is lightly wounded.
You feel sick.
Nessos shoots an arrow.
The arrow hits you!! The arrow burns you.
You are more poisoned.
Casting: Fireball (safe; 1% risk of failure)
Confirm with . or Enter, or press ? or * to list all spells.
Okay, then.
As you read the scroll of teleportation, it crumbles to dust.
You feel strangely unstable.
You feel very sick.
Nessos shoots an arrow.
The arrow completely misses you.
* * * LOW HITPOINT WARNING * * *
You feel very sick.
Nessos shoots an arrow.
The arrow hits you!!
You die...

########### ###........# #(. ###
###'###### ##. ..## #..# #######
#..# ###.######## #......
##.##### #..........# #......
(......#######..........# #.<....
.......##...............###...[..
..........####..(.......#.'......
.......#### #.(@.........#......
####.### #..........###...... #.#
...#.######### #...... #>#
#....... #...... #.# #..§8....#
######' #.# #..§§§§..# #. #.#
#..≈§c§..####### ###### #+#
#..≈≈§§...B....# #.....
.........# ......


You could see Nessos.

Vanquished Creatures
  Gastronok (D:8)
  Snorg (D:11)
  A hydra (D:11)
  A centaur warrior (D:10)
  A two-headed ogre (D:11)
  An unseen horror (D:11)
  Pikel (D:7)
  A cyclops (D:11)
  A guardian serpent (D:11)
  Maurice (D:8)
  Psyche (D:8)
  2 gargoyles
  Grinder (D:6)
  5 wyverns
  A wraith (D:12)
  7 yaks (D:12)
  A basilisk (D:12)
  A steam dragon (D:8)
  Menkaure (D:7)
  4 water moccasins
  Duvessa (D:7)
  2 orc warriors
  3 phantoms
  4 sky beasts
  5 ice beasts
  Purgy (Sewer)
  3 black bears (D:9)
  10 centaurs
  7 ogres
  A wolf (D:9)
  3 big kobolds
  9 bullfrogs
  A wyvern zombie (D:10)
  A wyvern skeleton (D:9)
  Dowan (D:7)
  2 scorpions
  7 killer bees
  3 wights (D:6)
  6 electric eels (D:10)
  2 howler monkeys
  3 centaur zombies
  9 hounds
  7 orc priests
  4 centaur skeletons
  2 iguanas
  7 orc wizards
  15 worker ants
  A hound zombie (D:8)
  A hound skeleton (D:6)
  A worker ant zombie (D:5)
  4 gnolls (D:3)
  2 howler monkey skeletons (D:5)
  14 adders
  2 shadow imps (D:6)
  2 white imps
  3 ufetubi
  An ooze (D:2)
  2 adder zombies
  3 adder skeletons
  A worm (D:4)
  A dart slug (D:1)
  8 leopard geckos
  52 orcs
  3 ball pythons
  5 bats
  3 giant cockroaches
  5 goblins
  10 hobgoblins
  17 jackals
  13 kobolds
  4 quokkas
  6 frilled lizards
  8 rats
325 creatures vanquished.

Vanquished Creatures (others)
  1223 foxfires
  2 fungi (D:9)
  20 plants
1245 creatures vanquished.

Grand Total: 1570 creatures vanquished

Notes
Turn   | Place    | Note
-------+----------+-------------------------------------------
     0 | D:1      | Arthanis the Deep Elf Fire Elementalist began the quest for
                  | the Orb.
     0 | D:1      | Reached XP level 1. HP: 10/10 MP: 6/6
   165 | D:1      | Reached XP level 2. HP: 15/15 MP: 5/8
   597 | D:1      | Reached skill level 4 in Fire Magic
   860 | D:2      | Found an iron altar of Okawaru.
   869 | D:1      | Reached XP level 3. HP: 17/19 MP: 5/10
  1260 | D:2      | Found an opulent altar of Gozag.
  1271 | D:2      | Noticed Sigmund
  1306 | D:3      | Reached XP level 4. HP: 9/24 MP: 3/11
  1310 | D:3      | Learned a level 3 spell: Conjure Flame
  1315 | D:3      | Learned a level 4 spell: Sticky Flame
  1468 | D:3      | Found a shadowy altar of Dithmenos.
  1683 | D:3      | Reached skill level 5 in Fire Magic
  1754 | D:3      | Found a stormy altar of Qazlal.
  1798 | D:3      | Found a glowing drain.
  1804 | D:3      | Reached XP level 5. HP: 28/28 MP: 7/13
  1812 | Sewer    | Entered a sewer
  1897 | Sewer    | Noticed Purgy
  1909 | Sewer    | Killed Purgy
  2025 | Sewer    | Learned a level 5 spell: Fireball
  2406 | D:4      | Found Ashij's Antique Armour Shop.
  2416 | D:4      | Reached skill level 5 in Spellcasting
  2416 | D:4      | Reached XP level 6. HP: 32/32 MP: 9/15
  2484 | D:4      | Found a staircase to the Ecumenical Temple.
  2488 | Temple   | Entered the Ecumenical Temple
  2497 | Temple   | Became a worshipper of Vehumet
  2734 | D:4      | Reached skill level 6 in Fire Magic
  3049 | D:4      | Found a broken altar of Ashenzari.
  3347 | D:5      | Entered Level 5 of the Dungeon
  3349 | D:5      | Noticed a water moccasin
  3403 | D:5      | Killed a water moccasin
  3404 | D:5      | Reached XP level 7. HP: 31/36 MP: 7/17
  3542 | D:5      | Reached skill level 7 in Fire Magic
  3890 | D:5      | Reached skill level 5 in Conjurations
  4149 | D:5      | Reached XP level 8. HP: 41/41 MP: 16/20
  4163 | D:5      | Reached skill level 8 in Fire Magic
  4443 | D:5      | Reached * piety under Vehumet
  4443 | D:5      | Offered knowledge of Shock by Vehumet.
  4447 | D:5      | Learned a level 1 spell: Shock
  4572 | D:5      | Found a snail-covered altar of Cheibriados.
  4636 | D:5      | Learned a level 1 spell: Magic Dart
  4640 | D:5      | Learned a level 3 spell: Mephitic Cloud
  4643 | D:5      | Learned a level 2 spell: Blink
  4996 | D:6      | Found a blossoming altar of Fedhas.
  5018 | D:6      | Reached skill level 9 in Fire Magic
  5365 | D:6      | Reached XP level 9. HP: 45/45 MP: 18/23
  5766 | D:6      | Noticed Grinder
  5787 | D:6      | Killed Grinder
  5788 | D:6      | Reached skill level 10 in Fire Magic
  6349 | D:7      | Offered knowledge of Sandblast by Vehumet.
  6351 | D:7      | Reached ** piety under Vehumet
  6724 | D:7      | Found a broken altar of Ashenzari.
  6853 | D:7      | Noticed Pikel
  6867 | D:7      | Killed Pikel
  6897 | D:7      | Noticed Menkaure
  6901 | D:7      | Reached skill level 11 in Fire Magic
  6905 | D:7      | Killed Menkaure
  7185 | D:7      | Noticed Dowan
  7190 | D:7      | Killed Dowan
  7201 | D:7      | Noticed Duvessa
  7203 | D:7      | Killed Duvessa
  7345 | D:7      | Found a white marble altar of Elyvilon.
  7345 | D:7      | Found a faded altar of an unknown god.
  7352 | D:7      | Found a glowing golden altar of the Shining One.
  7354 | D:7      | Found a faded altar of an unknown god.
  7355 | D:7      | Found a hide-covered altar of Uskayaw.
  7686 | D:8      | Noticed Psyche
  7695 | D:8      | Killed Psyche
  7696 | D:8      | Reached XP level 10. HP: 47/50 MP: 18/25
  7731 | D:8      | Noticed Maurice
  7733 | D:8      | Noticed Gastronok
  7735 | D:8      | Killed Maurice
  7736 | D:8      | Reached skill level 10 in Spellcasting
  8013 | D:8      | Found Houkket's Antique Armour Boutique.
  8205 | D:8      | Killed Gastronok
  8206 | D:8      | Reached skill level 12 in Fire Magic
  8421 | D:8      | Found a shimmering altar of Xom.
  8860 | D:9      | Offered knowledge of Ignite Poison by Vehumet.
  8883 | D:9      | Learned a level 3 spell: Ignite Poison
  8929 | D:9      | Reached skill level 1 in Evocations
  9156 | D:9      | Found a staircase to the Lair.
  9260 | D:9      | Reached XP level 11. HP: 54/54 MP: 24/28
  9351 | D:9      | Reached skill level 13 in Fire Magic
  9399 | D:9      | Reached *** piety under Vehumet
 10472 | D:10     | Entered Level 10 of the Dungeon
 10542 | D:10     | Found a white marble altar of Elyvilon.
 10542 | D:10     | Noticed an angel
 10543 | D:10     | Found a runed translucent door.
 10691 | D:10     | Identified the Reference Book on Frigorific Displacement
 11381 | D:10     | Noticed a centaur warrior
 11385 | D:10     | Killed a centaur warrior
 11859 | D:11     | Offered knowledge of Hailstorm by Vehumet.
 11874 | D:11     | Found a staircase to the Orcish Mines.
 11931 | D:11     | Reached **** piety under Vehumet
 11993 | D:11     | Noticed Snorg
 12016 | D:11     | Noticed a six-headed hydra
 12024 | D:11     | Killed a six-headed hydra
 12118 | D:11     | Found Xelofip's Gadget Shoppe.
 12144 | D:11     | Offered knowledge of Olgreb's Toxic Radiance by Vehumet.
 12211 | D:11     | Found a flickering gateway to a bazaar.
 12224 | Bazaar   | Entered a bazaar
 12224 | Bazaar   | Found Woiram's Antique Armour Shop.
 12250 | Bazaar   | Found Zitiatz's General Store.
 12270 | Bazaar   | Found Notiohog's Antique Weapon Shop.
 12294 | Bazaar   | Bought a glowing scarf for 192 gold pieces
 12294 | Bazaar   | Bought a smoking buckler for 228 gold pieces
 12311 | Bazaar   | Identified the cursed -4 buckler "Vetol" {rF+ Regen+ Str+3}
                  | (You bought it in a shop in a bazaar)
 12331 | Bazaar   | Bought a scroll of identify for 26 gold pieces
 12331 | Bazaar   | Bought a potion of heal wounds for 65 gold pieces
 12402 | D:11     | Killed Snorg
 12403 | D:11     | Reached skill level 1 in Shields
 12403 | D:11     | Reached skill level 10 in Conjurations
 12464 | D:11     | Found Cehoi's Armour Shop.
 12491 | D:11     | Reached skill level 14 in Fire Magic
 12632 | D:11     | Found Maufiur's Jewellery Shop.
 12659 | D:11     | Noticed a two-headed ogre
 12662 | D:11     | Killed a two-headed ogre
 12783 | D:11     | Found Vued's General Store.
 13230 | D:11     | Killed an unseen horror
 13231 | D:11     | Reached skill level 1 in Fighting
 13399 | D:11     | Bought a scroll of identify for 28 gold pieces
 13399 | D:11     | Bought a potion of heal wounds for 70 gold pieces
 13399 | D:11     | Bought a scroll of teleportation for 42 gold pieces
 13820 | D:12     | Reached XP level 12. HP: 61/61 MP: 9/30
 13914 | D:12     | Reached skill level 5 in Dodging
 13965 | D:12     | Reached ***** piety under Vehumet
 13965 | D:12     | Offered knowledge of Lee's Rapid Deconstruction by Vehumet.
 14033 | D:12     | Noticed Nessos
 14288 | D:12     | Shot with an arrow by Nessos

Illustrated notes

Levels and vault maps discovered:
D:1:      enne_arrival_octagon_isle, layout_basic, minmay_cupped
D:2:      layout_rooms, lemuel_doored_altar, lemuel_crystal_altar,
          okawaru_gym_becter, uniq_crazy_yiuf_cottage, uniq_sigmund
D:3:      layout_loops_ring, lemuel_round_altar, general_overflow_altar,
          portal_sewer_entry_b
D:4:      layout_basic, overflow_temple_1_default, minmay_temple_entry_ruins,
          serial_shops, nicolae_shop_trees, minivault_11
D:5:      layout_rooms, lemuel_crystal_altar, minmay_fractal_squares_5
D:6:      minmay_diamond_boxcup, layout_rooms, overflow_temple_1_default,
          serial_co_window_serial, co_window_paths_a, co_window_paths_a,
          co_window_paths_a, co_window_paths_a, co_window_paths_b,
          co_window_paths_b, co_window_of_opportunity_a, co_window_2corner,
          co_window_corner_b, co_window_of_opportunity_b, co_window_2corner,
          co_window_of_opportunity_c, co_window_2corner,
          co_window_unsneaky_path_c, co_window_paths_e, glass_columns_a,
          glass_columns_b, glass_columns_c, glass_columns_a, glass_columns_b,
          uniq_grinder
D:7:      layout_basic, chequers_temple_overflow_minitemple, ashenzari_altar_1,
          uniq_duvessa, uniq_pikel, uniq_menkaure
D:8:      layout_rooms, serial_shops, nicolae_shop_trees, tgw_xom, uniq_maurice,
          uniq_psyche, uniq_gastronok
D:9:      layout_stronghold, minmay_lair_entry_grove
D:10:     cheibrodos_two_vegetables, layout_basic, serial_curves,
          eino_curves_03, eino_curves_03, lemuel_angel_altar
D:11:     layout_long_grid, hiddenorc2_lemuel, serial_shops, bzr_entry_road,
          shop, kennysheep_little_box, shop_statue, shop,
          nrook_guardian_serpent_double, uniq_snorg
D:12:     layout_roguey, serial_park_tiny_pond, uniq_nessos
Temple:   nicolae_temple_no_exploring_needed

Skill      XL: |  1  2  3  4  5  6  7  8  9 10 11 12 |
---------------+-------------------------------------+-----
Fire Magic     | 4 5 6 7 9 11 12 14 | 14.0
Conjurations   | 2 3 4 5 6 8 9 10 | 10.0
Spellcasting   | 4 5 6 8 9 11 12 | 12.0
Stealth        | 3 |  3.0
Evocations     | 1 3 4 |  4.1
Dodging        | 3 4 6 |  6.0
Shields        | 4 |  4.0
Fighting       | 1 2 |  2.0

Action                   |  1- 3 |  4- 6 |  7- 9 | 10-12 || total
-------------------------+-------+-------+-------+-------++-------
Melee: Dagger            |       |     3 |       |       ||     3
       Short sword       |       |     1 |    16 |    18 ||    35
 Cast: Foxfire           |    68 |   105 |   305 |   289 ||   767
       Sticky Flame      |       |     2 |    17 |    33 ||    52
       Conjure Flame     |       |       |     1 |     7 ||     8
       Fireball          |       |       |     3 |    66 ||    69
       Shock             |       |       |       |     8 ||     8
       Mephitic Cloud    |       |       |       |     2 ||     2
Evoke: Wand              |       |       |       |     5 ||     5
  Use: Scroll            |       |       |     9 |    14 ||    23
       Potion            |       |       |       |     3 ||     3
 Stab: Sleeping          |       |       |       |     1 ||     1
Armor: Robe              |     1 |    14 |     7 |    27 ||    49
Dodge: Dodged            |    17 |    16 |    43 |    88 ||   164

Table legend: (Time is in decaauts)
 A = Elapsed time spent in this place.
 B = Non-inter-level travel time spent in this place.
 C = Inter-level travel time spent in this place.
 D = Time resting spent in this place.
 E = Time spent auto-exploring this place.
 F = Levels seen in this place.
 G = Mean time per level.
                   A        B        C        D        E       F      G
               +--------+--------+--------+--------+--------+-----+--------+
         Total |  14375 |  13929 |    446 |   1031 |  10160 |  15 |  958.3 |
       Dungeon |  13854 |  13416 |    438 |   1014 |   9820 |  12 | 1154.5 |
        Temple |     19 |     11 |      8 |      0 |      0 |   1 |   19.0 |
        Bazaar |    122 |    122 |      0 |      0 |     53 |   1 |  122.0 |
         Sewer |    378 |    378 |      0 |     17 |    287 |   1 |  378.0 |
               +--------+--------+--------+--------+--------+-----+--------+

Top non-repeatable levels by time:
    D:11: 1819 daAuts
     D:9: 1747 daAuts
     D:6: 1596 daAuts
     D:7: 1438 daAuts
    D:10: 1399 daAuts
     D:4: 1166 daAuts
     D:5: 1123 daAuts
     D:8: 996 daAuts
     D:1: 896 daAuts
     D:3: 773 daAuts
    D:12: 490 daAuts
     D:2: 405 daAuts
   Sewer: 378 daAuts
  Bazaar: 122 daAuts
  Temple: 19 daAuts
